 Dungeon Crawl Stone Soup version 0.20.1-1-g8b1a95d (webtiles) character file.

10311 KoningWillie the Carver (level 11, -5/99 HPs)
             Began as a Minotaur Fighter on Sept 22, 2017.
             Slain by a troll (9 damage)
             ... on level 12 of the Dungeon.
             The game lasted 00:28:09 (15573 turns).

KoningWillie the Carver (Minotaur Fighter)         Turns: 15573, Time: 00:28:10

Health: -5/99      AC: 17    Str: 24    XL:     11   Next: 34%
Magic:  10/10      EV:  8    Int:  5    God:
Gold:   746        SH:  0    Dex: 10    Spells: 10/10 levels left

rFire    . . .     SeeInvis .   z - +0 great sword
rCold    . . .     Gourm    .   (shield currently unavailable)
rNeg     . . .     Faith    .   y - +0 plate armour
rPois    .         Spirit   .   (helmet restricted)
rElec    .         Reflect  .   (no cloak)
rCorr    .         Harm     .   (no gloves)
MR       .....                  j - +1 pair of boots
Stlth    ..........             p - amulet of regeneration
Regen    0.7/turn               (no ring)
MPRegen  0.2/turn               (no ring)

@: no status effects
A: retaliatory headbutt, horns 2
a: no special abilities


You were on level 12 of the Dungeon.
You were not hungry.

You visited 2 branches of the dungeon, and saw 13 of its levels.

You collected 746 gold pieces.

Inventory:

Hand Weapons
 a - a +0 long sword
 z - a +0 great sword (weapon)
Armour
 b - a +0 scale mail
 c - a +0 shield
 j - a +1 pair of boots (worn)
 y - a +0 plate armour (worn)
Jewellery
 p - an amulet of regeneration (around neck)
Wands
 i - a wand of iceblast (10/15)
 t - a wand of lightning (7/15)
 u - a wand of iceblast (3/15)
 H - a wand of polymorph (18/24)
Scrolls
 o - 4 scrolls of remove curse
 r - a scroll of enchant armour
 x - 2 scrolls of magic mapping
 A - 4 scrolls of amnesia
 E - a scroll of fear
 G - a scroll of identify
Potions
 d - a potion of might
 g - 2 potions of mutation
 h - a potion of invisibility
 k - 2 potions of agility
 l - 6 potions of heal wounds
 n - a potion of haste
 q - 3 potions of curing
 s - a potion of lignification {unknown}
 v - a potion of degeneration {unknown}
 w - 4 potions of brilliance {unknown}
 D - a potion of berserk rage {unknown}
Books
 e - a book of Maledictions

   Spells                             Type                      Level
   a - Corona                         Hexes                        1
   b - Ensorcelled Hibernation        Hexes/Ice                    2
   c - Confuse                        Hexes                        3
   d - Tukima's Dance                 Hexes                        3
   e - Dazzling Spray                 Conjuration/Hexes            3
 I - a book of Changes

   Spells                             Type                      Level
   a - Beastly Appendage              Transmutation                1
   b - Sticks to Snakes               Transmutation                2
   c - Spider Form                    Transmutation/Poison         3
   d - Ice Form                       Ice/Transmutation            4
   e - Blade Hands                    Transmutation                5
Miscellaneous
 C - a phantom mirror
 F - a fan of gales
Comestibles
 f - 3 bread rations
 m - 3 royal jellies
 B - a meat ration


   Skills:
 + Level 10.0 Fighting
 + Level 14.5 Long Blades
 + Level 11.7 Armour
 - Level 1.5 Dodging
 - Level 5.4 Shields


You had 10 spell levels left.
You didn't know any spells.

Dungeon Overview and Level Annotations

Branches:
Dungeon (12/15)            Temple (0/1) D:7            Lair (0/6) D:9
    Orc (1/2) D:9

Altars:
Ashenzari
Kikubaaqudgha
Makhleb
Sif Muna
Trog
Uskayaw
Vehumet
Xom
Yredelemnul
Zin
The Shining One

Shops:
D:5 (   D:9 [

Portals:
Trove: D:11 (give 11 potions of heal wounds)

Annotations:
D:10 Urug


Innate Abilities, Weirdness & Mutations

You reflexively headbutt those who attack you in melee.
You have a pair of horns on your head.


Message History

The troll claws you but does no damage. x2
The electric eel shoots out a bolt of lightning at you!
The bolt of electricity hits you!
* * * LOW HITPOINT WARNING * * *
The troll barely misses you. The troll claws you!
* * * LOW HITPOINT WARNING * * *
The troll claws you but does no damage.
The electric eel shoots out a bolt of lightning at you!
The bolt of electricity hits you!
* * * LOW HITPOINT WARNING * * *
The troll bites you but does no damage.
The troll claws you but does no damage. x2
The troll bites you but does no damage. The troll claws you but does no damage.
The troll barely misses you.
The electric eel shoots out a bolt of lightning at you!
The bolt of electricity hits you!
* * * LOW HITPOINT WARNING * * *
There is a stone staircase leading up here.
The troll bites you but does no damage. The troll claws you but does no damage.
The troll claws you!
You die...

≈≈≈###.##.# .#
≈≈≈≈.....≈## ..#
≈≈≈≈≈#.#≈≈≈# ....
≈≈≈≈≈≈.≈≈≈≈###.#.#
≈≈≈≈≈≈≈≈≈≈≈.......
≈≈≈≈≈≈≈≈≈≈≈....###
≈≈≈≈≈≈≈≈≈≈≈.......
≈≈≈≈≈≈≈≈≈T@.#
≈≈≈≈≈≈≈≈≈;≈.#
≈≈≈≈≈≈≈≈≈≈≈.....
≈≈≈≈≈≈.≈≈≈≈......
≈≈≈≈≈..#≈≈≈###....
.≈≈≈.#.##≈## ....
.#≈#.#. ... ...
#.#.#. #.## ..


You could see a troll and an electric eel.

Vanquished Creatures
  2 two-headed ogres
  Pikel (D:4)
  A wolf spider zombie (D:10)
  Psyche (D:9)
  2 trolls (D:9)
  A hornet (D:8)
  3 hippogriffs
  2 wyverns
  6 yaks
  2 hungry ghosts
  4 orc warriors
  3 phantoms
  3 sky beasts
  2 ice beasts
  9 ogres
  7 centaurs
  A crocodile (D:10)
  3 big kobolds
  6 bullfrogs
  A gnoll sergeant (D:11)
  5 scorpions
  3 killer bees (D:11)
  3 wights (D:8)
  4 howler monkeys
  3 crimson imps
  A bullfrog zombie (D:5)
  A quasit (D:11)
  5 hounds
  A jelly (D:8)
  13 orc wizards
  3 orc priests
  Crazy Yiuf (D:7)
  12 worker ants
  An iguana (D:4)
  A killer bee zombie (D:6)
  2 hound zombies
  2 hound skeletons
  A worker ant zombie (D:7)
  9 adders
  7 gnolls
  A howler monkey skeleton (D:5)
  4 shadow imps
  2 oozes (D:3)
  2 adder skeletons
  2 worms (D:2)
  2 dart slugs (D:1)
  8 leopard geckos
  39 orcs
  6 bats
  4 giant cockroaches
  9 goblins
  6 hobgoblins
  21 jackals
  5 quokkas
  2 ball pythons
  6 frilled lizards
  A jackal skeleton (D:6)
  17 kobolds
  2 quokka skeletons
  A quokka zombie (D:7)
  5 rats
283 creatures vanquished.

Vanquished Creatures (others)
  3 jackals (D:4)
  A fungus (D:9)
4 creatures vanquished.

Grand Total: 287 creatures vanquished

Notes
Turn   | Place    | Note
-------+----------+-------------------------------------------
     0 | D:1      | KoningWillie the Minotaur Fighter began the quest for the Orb.
     0 | D:1      | Reached XP level 1. HP: 19/19 MP: 0/0
   181 | D:1      | Reached XP level 2. HP: 26/27 MP: 1/1
  1184 | D:1      | Reached XP level 3. HP: 33/33 MP: 2/2
  1945 | D:2      | Reached skill level 3 in Long Blades
  2091 | D:2      | Reached XP level 4. HP: 28/40 MP: 3/3
  2385 | D:2      | Found a deep blue altar of Sif Muna.
  2754 | D:3      | Reached skill level 5 in Shields
  2807 | D:3      | Reached XP level 5. HP: 46/47 MP: 4/4
  3039 | D:3      | Found a glowing golden altar of the Shining One.
  3219 | D:3      | Found a shimmering altar of Xom.
  3545 | D:4      | Noticed an ogre
  3550 | D:4      | Killed an ogre
  3550 | D:4      | Reached skill level 4 in Long Blades
  3550 | D:4      | Reached skill level 5 in Armour
  3550 | D:4      | Reached skill level 1 in Dodging
  3554 | D:4      | Reached XP level 6. HP: 46/53 MP: 5/5
  3620 | D:4      | Reached skill level 5 in Long Blades
  3905 | D:4      | Reached skill level 5 in Fighting
  3910 | D:4      | Noticed Pikel
  3910 | D:4      | Noticed a slave
  3911 | D:4      | Noticed a slave
  3912 | D:4      | Noticed a slave
  3926 | D:4      | Killed Pikel
  3926 | D:4      | Reached skill level 7 in Long Blades
  3926 | D:4      | Reached XP level 7. HP: 37/62 MP: 6/6
  4300 | D:4      | Reached XP level 8. HP: 39/70 MP: 7/7
  4330 | D:4      | Found a bloodstained altar of Trog.
  4576 | D:5      | Entered Level 5 of the Dungeon
  4865 | D:5      | Reached skill level 8 in Long Blades
  4951 | D:5      | Found Kuubav's Antique Weapon Emporium.
  6418 | D:6      | Reached skill level 9 in Long Blades
  6435 | D:6      | Found an ancient bone altar of Kikubaaqudgha.
  6772 | D:6      | Noticed a hippogriff
  6779 | D:6      | Killed a hippogriff
  7317 | D:7      | Reached XP level 9. HP: 67/79 MP: 8/8
  7357 | D:7      | Noticed a two-headed ogre
  7705 | D:7      | Found a radiant altar of Vehumet.
  7730 | D:7      | Reached skill level 10 in Long Blades
  8589 | D:7      | Killed a two-headed ogre
  8589 | D:7      | Reached skill level 11 in Long Blades
  8728 | D:7      | Found a glowing silver altar of Zin.
  8740 | D:7      | Found a staircase to the Ecumenical Temple.
  9118 | D:7      | Found a basalt altar of Yredelemnul.
  9156 | D:7      | Found a runed door.
  9160 | D:7      | Noticed Crazy Yiuf
  9162 | D:7      | Killed Crazy Yiuf
  9470 | D:8      | Noticed a two-headed ogre
  9480 | D:8      | Killed a two-headed ogre
  9480 | D:8      | Reached skill level 12 in Long Blades
  9480 | D:8      | Reached XP level 10. HP: 17/88 MP: 9/9
  9844 | D:8      | Found a burning altar of Makhleb.
 10441 | D:8      | Reached skill level 10 in Armour
 11735 | D:9      | Reached skill level 13 in Long Blades
 11761 | D:9      | Found a hide-covered altar of Uskayaw.
 11761 | D:9      | Noticed a hand axe
 11761 | D:9      | Noticed a hand axe
 11767 | D:9      | Found a shattered altar of Ashenzari.
 12232 | D:9      | Found a staircase to the Lair.
 12456 | D:9      | Found Qeeman's Antique Armour Shop.
 12677 | D:9      | Found a staircase to the Orcish Mines.
 12684 | D:9      | Noticed Psyche
 12687 | Orc:1    | Entered Level 1 of the Orcish Mines
 12806 | D:9      | Killed Psyche
 13109 | D:10     | Entered Level 10 of the Dungeon
 13150 | D:10     | Reached XP level 11. HP: 90/97 MP: 10/10
 13555 | D:10     | Reached skill level 14 in Long Blades
 13928 | D:10     | Noticed Urug
 15032 | D:11     | Found a portal to a secret trove of treasure.
 15484 | D:11     | Reached skill level 10 in Fighting
 15572 | D:12     | HP: 4/99 [electric eel/bolt of electricity (3)]
 15573 | D:12     | Slain by a troll

Skill      XL: |  1  2  3  4  5  6  7  8  9 10 11 |
---------------+----------------------------------+-----
Shields        | 4 5 |  5.4
Armour         | 4 5 6 7 9 11 | 11.7
Fighting       | 4 5 7 8 9 10 | 10.0
Long Blades    | 3 4 7 9 12 13 14 | 14.5
Dodging        | 1 |  1.5

Action                   |  1- 3 |  4- 6 |  7- 9 | 10-12 || total
-------------------------+-------+-------+-------+-------++-------
Melee: Long sword        |    99 |   115 |   227 |       ||   441
       Headbutt          |    12 |    27 |    57 |    66 ||   162
       Great sword       |       |       |    57 |   284 ||   341
  Use: Scroll            |       |     3 |     5 |     5 ||    13
  Eat: Bread ration      |     1 |       |     1 |     4 ||     6
       Fruit             |       |     3 |       |       ||     3
       Royal jelly       |       |     2 |     2 |       ||     4
       Meat ration       |       |       |     2 |     2 ||     4
Armor: Scale mail        |    53 |    50 |    74 |       ||   177
       Plate armour      |       |       |    50 |   203 ||   253
Dodge: Dodged            |    27 |    41 |    88 |   123 ||   279
Block: Shield            |    65 |    62 |    84 |       ||   211
       Rpst.: Long sword |     1 |    12 |    22 |       ||    35
       Great sword       |       |       |     6 |    21 ||    27
